 Dungeon Crawl Stone Soup version 0.24-a0-244-ga6a6ab7 (webtiles) character file.

Game seed: 6667200351869089305

15108 Hylith the Blocker (level 11, -3/87 HPs)
             Began as a Demonspawn Fighter on Apr 10, 2019.
             Was a High Priest of Makhleb.
             Slain by a nine-headed hydra (13 damage)
             ... on level 11 of the Dungeon.
             The game lasted 01:02:08 (9742 turns).

Hylith the Blocker (Demonspawn Fighter)             Turns: 9742, Time: 01:02:10

Health: -3/87      AC: 13    Str: 19    XL:     11   Next: 97%
Magic:  16/16      EV: 25    Int: 16    God:    Makhleb [*****.]
Gold:   690        SH: 11    Dex: 12    Spells: 10/10 levels left

rFire    . . .     SeeInvis .   A - +9 hand axe "Faorezusoti" {chop, rElec rC+}
rCold    + + .     Gourm    .   c - +0 shield
rNeg     . . .     Faith    .   F - +3 scale mail of Zuanolau {rC+}
rPois    .         Spirit   .   (no helmet)
rElec    +         Reflect  .   p - +1 cloak
rCorr    .         Harm     .   (no gloves)
MR       .....                  (boots unavailable)
Stlth    +.........             b - amulet of the acrobat
HPRegen  0.24/turn              i - +5 ring of intelligence
MPRegen  0.15/turn              (no ring)

@: acrobat
A: talons 3, repulsion field 1, demonic guardian 1, nightstalker 1
a: Minor Destruction, Lesser Servant of Makhleb, Major Destruction, Greater
Servant of Makhleb, Renounce Religion


You were on level 11 of the Dungeon.
You worshipped Makhleb.
Makhleb was extremely pleased with you.
You were not hungry.

You visited 3 branches of the dungeon, and saw 13 of its levels.
You also visited: Bailey.

You collected 732 gold pieces.
You spent 42 gold pieces at shops.

Inventory:

Hand Weapons
 a - a +0 flail
 A - the +9 hand axe "Faorezusoti" (weapon) {chop, rElec rC+}
   (You found it on level 4 of the Dungeon)

   It inflicts extra damage upon your enemies.
   It protects you from cold.
   It insulates you from electricity.
Missiles
 u - 12 tomahawks (quivered)
Armour
 c - a +0 shield (worn)
 p - a +1 cloak (worn)
 B - a +2 robe of resistance
 F - the +3 scale mail of Zuanolau (worn) {rC+}
   (You found it on level 7 of the Dungeon)

   It protects you from cold.
Jewellery
 b - an amulet of the acrobat (around neck)
 i - a +5 ring of intelligence (left hand)
 n - an uncursed amulet of harm {unknown}
Wands
 M - a wand of random effects (54)
 O - a wand of paralysis (4)
 R - a wand of enslavement (8)
Scrolls
 g - 7 scrolls of teleportation
 m - 10 scrolls of enchant weapon
 o - a scroll of fog {unknown}
 q - 4 scrolls of enchant armour
 r - 3 scrolls of amnesia
 s - 6 scrolls of remove curse
 t - 3 scrolls of magic mapping
 v - a scroll of torment {unknown}
 y - a scroll of acquirement {unknown}
 E - 2 scrolls of immolation {unknown}
 K - a scroll of summoning
 L - a scroll of vulnerability {unknown}
 N - a scroll of blinking {unknown}
 Q - 3 scrolls of identify
Potions
 d - 3 potions of might
 e - a potion of haste {unknown}
 h - a potion of agility {unknown}
 j - a potion of lignification
 k - 10 potions of curing
 l - a potion of mutation {unknown}
 w - a potion of cancellation {unknown}
 x - a potion of berserk rage {unknown}
 z - a potion of brilliance {unknown}
 C - 2 potions of flight {unknown}
 D - a potion of ambrosia {unknown}
 G - a potion of heal wounds
 H - a potion of experience {unknown}
 I - a potion of invisibility {unknown}
 J - 3 potions of resistance {unknown}
Comestibles
 f - 20 rations
 P - 21 chunks of flesh


   Skills:
 + Level 8.8 Fighting
 - Level 5.2(7.0) Axes
 + Level 7.2(8.0) Maces & Flails
 + Level 8.1 Armour
 + Level 9.5 Shields
 - Level 7.5 Invocations
 + Level 5.0 Evocations


You had 10 spell levels left.
You didn't know any spells.
Your spell library contained the following spells:

 Spells                   Type           Power        Failure   Level  Hunger
 Animate Skeleton         Necr           N/A          80%         1    ##.....
 Apportation              Tloc           #.....       80%         1    ##.....
 Confusing Touch          Hex            #.....       80%         1    ##.....
 Summon Small Mammal      Summ           #...         80%         1    ##.....


Dungeon Overview and Level Annotations

Branches:
Dungeon (11/15)            Temple (1/1) D:4            Lair (0/6) D:11
    Orc (1/2) D:9

Altars:
Ashenzari
Cheibriados
Dithmenos
Elyvilon
Fedhas
Gozag
Hepliaklqana
Kikubaaqudgha
Makhleb
Nemelex Xobeh
Okawaru
Qazlal
Ru
Sif Muna
Trog
Uskayaw
Vehumet
Wu Jian
Xom
Yredelemnul
Zin
The Shining One

Shops:
D:7 *   D:10 %

Annotations:
D:4 3 runed translucent doors, eyesofgods1's ghost, novice HOFi


Innate Abilities, Weirdness & Mutations

You have claws for feet.
You are surrounded by a mild repulsion field. (EV +2)
A weak demonic guardian rushes to your aid.
You are slightly more attuned to the shadows.


Message History

Aim: a nine-headed hydra (heavily wounded)
You hear a mighty clap of thunder!
The bolt of lightning hits the nine-headed hydra!!
The nine-headed hydra is severely wounded.
The nine-headed hydra bites you.
The nine-headed hydra closely misses you.
You block the nine-headed hydra's attack.
The nine-headed hydra misses you.
You block the nine-headed hydra's attack.
The nine-headed hydra bites you! The nine-headed hydra bites you.
The nine-headed hydra bites you but does no damage.
The nine-headed hydra bites you!
* * * LOW HITPOINT WARNING * * *
You block the nine-headed hydra's attack. x2
The nine-headed hydra completely misses you.
The nine-headed hydra bites you!
* * * LOW HITPOINT WARNING * * *
The nine-headed hydra barely misses you.
The nine-headed hydra bites you!
You die...

P.P......#.....#
........##.....#
......P.############## .....PP##
#......# ......## #......#
.P..### ######......#
[#########...(().....##
#####......####)(.....###
...†..###### #5@........ #######
#..D...### # ###### ####.....#
##.........#######.....#
<...............##.....######...
###########............[.(......
..# ######.....<÷#######.. #.##
###^....# #####. #..#
#.(...##......


You could see a nine-headed hydra and a friendly ufetubus.

Vanquished Creatures
  A two-headed ogre (D:11)
  2 unseen horrors (D:10)
  Pikel (D:6)
  4 orc knights (Bailey)
  A manticore (D:8)
  A gargoyle (D:11)
  A troll (D:11)
  Prince Ribbit (D:9)
  A hornet (D:11)
  3 hippogriffs
  16 yaks
  A wraith (D:11)
  A hungry ghost (D:8)
  A basilisk (D:11)
  A warg (D:9)
  4 porcupines (D:11)
  15 orc warriors
  A black bear (D:8)
  An eye of draining (D:10)
  2 ice beasts
  3 sky beasts
  5 ogres
  A phantom (D:11)
  A necrophage (D:10)
  6 centaurs
  2 crocodiles (D:11)
  3 big kobolds
  2 bullfrogs
  Blork the orc (D:5)
  2 scorpions
  4 killer bees (D:10)
  14 wights
  4 howler monkeys
  A bullfrog zombie (D:11)
  3 crimson imps
  A centaur skeleton (D:8)
  3 hounds
  13 orc wizards
  6 orc priests
  3 jellies
  Crazy Yiuf (D:5)
  An iguana (D:8)
  11 worker ants
  2 hound skeletons (D:8)
  2 howler monkey skeletons
  3 gnolls (D:4)
  8 adders
  A shadow imp (D:8)
  2 oozes (D:3)
  2 adder skeletons
  5 worms
  2 dart slugs (D:1)
  3 leopard geckos
  82 orcs
  2 ball pythons
  7 giant cockroaches
  7 goblins
  12 hobgoblins
  7 jackals
  6 quokkas
  12 bats
  2 frilled lizards
  14 kobolds
  10 rats
341 creatures vanquished.

Vanquished Creatures (collateral kills)
  Harold (D:9)
  An orc warrior (Bailey)
  A bullfrog (D:4)
  A howler monkey (D:4)
  A wight (D:6)
  An orc priest (D:4)
  An iguana (D:9)
  A gnoll (D:4)
  3 orcs
  A kobold (D:3)
12 creatures vanquished.

Vanquished Creatures (others)
  An ice beast (D:8)
  A bush (D:11)
  2 fungi (D:11)
  3 plants (D:11)
7 creatures vanquished.

Grand Total: 360 creatures vanquished

Notes
Turn   | Place    | Note
-------+----------+-------------------------------------------
     0 | D:1      | Hylith the Demonspawn Fighter began the quest for the Orb.
     0 | D:1      | Reached XP level 1. HP: 18/18 MP: 1/1
   160 | D:1      | Gained mutation: You have sharp toenails. [demonic
                  | ancestry]
   160 | D:1      | Reached XP level 2. HP: 24/24 MP: 2/2
   630 | D:1      | Reached XP level 3. HP: 29/29 MP: 3/3
   765 | D:2      | Reached skill level 3 in Shields
   847 | D:2      | Found a bloodstained altar of Trog.
  1074 | D:2      | Gained mutation: You have razor-sharp toenails. [demonic
                  | ancestry]
  1074 | D:2      | Reached XP level 4. HP: 9/35 MP: 4/4
  2259 | D:3      | Noticed a big kobold
  2260 | D:3      | Noticed a big kobold
  2284 | D:3      | Killed a big kobold
  2284 | D:3      | Gained mutation: A weak demonic guardian rushes to your
                  | aid. [demonic ancestry]
  2284 | D:3      | Reached XP level 5. HP: 9/42 MP: 5/5
  2653 | D:3      | Gained mutation: You are surrounded by a mild repulsion
                  | field. (EV +2) [demonic ancestry]
  2653 | D:3      | Reached XP level 6. HP: 30/48 MP: 6/6
  2848 | D:4      | Found a staircase to the Ecumenical Temple.
  2859 | Temple   | Entered the Ecumenical Temple
  2886 | Temple   | Became a worshipper of Makhleb the Destroyer
  2916 | D:4      | Reached skill level 4 in Shields
  2982 | D:4      | Found a runed translucent gate.
  2982 | D:4      | Found a runed translucent gate.
  2982 | D:4      | Found a runed translucent gate.
  3003 | D:4      | Noticed eyesofgods1's ghost (novice HOFi)
  3071 | D:4      | Got a smoking hand axe
  3080 | D:4      | Identified the +9 hand axe "Faorezusoti" {chop, rElec rC+}
                  | (You found it on level 4 of the Dungeon)
  3325 | D:4      | Reached * piety under Makhleb
  3361 | D:4      | Reached XP level 7. HP: 54/55 MP: 7/7
  3532 | D:5      | Entered Level 5 of the Dungeon
  3674 | D:5      | Found a glowing golden altar of the Shining One.
  3676 | D:5      | Noticed Blork the orc
  3707 | D:5      | Killed Blork the orc
  4151 | D:5      | Reached skill level 5 in Shields
  4151 | D:5      | Reached skill level 1 in Invocations
  4180 | D:5      | Found a runed translucent door.
  4181 | D:5      | Noticed Crazy Yiuf
  4188 | D:5      | Killed Crazy Yiuf
  4370 | D:6      | Reached skill level 5 in Fighting
  4370 | D:6      | Gained mutation: You have claws for feet. [demonic
                  | ancestry]
  4370 | D:6      | Reached XP level 8. HP: 62/62 MP: 9/9
  4390 | D:6      | Reached ** piety under Makhleb
  4400 | D:6      | Noticed Pikel
  4409 | D:6      | Killed Pikel
  4409 | D:6      | Reached skill level 5 in Maces & Flails
  4409 | D:6      | Reached skill level 5 in Armour
  4409 | D:6      | Reached skill level 6 in Shields
  4630 | D:6      | Reached XP level 9. HP: 61/69 MP: 12/12
  4650 | D:6      | Found a radiant altar of Vehumet.
  4650 | D:6      | Found a white marble altar of Elyvilon.
  4651 | D:6      | Found an ancient bone altar of Kikubaaqudgha.
  4965 | D:7      | Reached skill level 7 in Shields
  5089 | D:7      | Found Orohuic's Assorted Antiques.
  5092 | D:7      | Bought a scroll of identify for 42 gold pieces
  5117 | D:7      | Got a dazzling scale mail
  5128 | D:7      | Identified the +3 scale mail of Zuanolau {rC+} (You found
                  | it on level 7 of the Dungeon)
  5293 | D:7      | Reached skill level 5 in Invocations
  5559 | D:8      | Reached *** piety under Makhleb
  5589 | D:8      | Noticed a manticore
  5619 | D:8      | Killed a manticore
  5800 | D:8      | Reached skill level 8 in Shields
  5921 | D:8      | Found a flagged portal.
  5972 | Bailey   | Entered a bailey
  5981 | Bailey   | Reached XP level 10. HP: 71/77 MP: 14/14
  6039 | Bailey   | Reached **** piety under Makhleb
  6039 | Bailey   | Reached skill level 1 in Axes
  6054 | Bailey   | Reached skill level 1 in Evocations
  6109 | Bailey   | Noticed an orc knight
  6110 | Bailey   | Noticed an orc knight
  6115 | Bailey   | Killed an orc knight
  6130 | Bailey   | Noticed an orc knight
  6132 | Bailey   | Killed an orc knight
  6132 | Bailey   | Noticed an orc knight
  6150 | Bailey   | Killed an orc knight
  6161 | Bailey   | Killed an orc knight
  6445 | D:9      | Noticed Prince Ribbit
  6457 | D:9      | Killed Prince Ribbit
  6587 | D:9      | Found a stormy altar of Qazlal.
  6721 | D:9      | Found a staircase to the Orcish Mines.
  6823 | D:9      | Reached ***** piety under Makhleb
  7036 | D:9      | Found a glowing golden altar of the Shining One.
  7075 | D:9      | Gained mutation: You are slightly more attuned to the
                  | shadows. [demonic ancestry]
  7075 | D:9      | Reached XP level 11. HP: 84/84 MP: 16/16
  7102 | D:9      | Noticed Harold
  7434 | D:9      | Killed Harold
  7434 | D:9      | Reached skill level 5 in Axes
  7777 | D:10     | Entered Level 10 of the Dungeon
  7865 | Orc:1    | Entered Level 1 of the Orcish Mines
  8249 | D:10     | Killed an unseen horror
  8559 | D:10     | Killed an unseen horror
  8559 | D:10     | Reached skill level 9 in Shields
  8836 | D:10     | Found Ujiqifid's Food Shoppe.
  9072 | D:11     | Noticed a two-headed ogre
  9083 | D:11     | Killed a two-headed ogre
  9343 | D:11     | Found a staircase to the Lair.
  9414 | D:11     | Paralysed by a hornet for 2 turns
  9661 | D:11     | Reached skill level 5 in Evocations
  9721 | D:11     | Noticed a seven-headed hydra
  9742 | D:11     | Slain by a nine-headed hydra

Levels and vault maps discovered:
D:1:      dpeg_arrival_ternary, layout_basic, hangedman_decor_diamond_cutter,
          minivault_27, kennysheep_minor_cross, st_stairs_5,
          hangedman_abyss_or_decor_stabs
D:2:      layout_loops_ring, bloody_trog
D:3:      cheibrodos_thug_alley, layout_basic, chequers_arboretum,
          dk_noncrumbling_4, minmay_fractal_squares_diagonal_5
D:4:      layout_rooms, minmay_temple_entry_offerings, first_ration,
          gammafunk_ghost_necromancy
D:5:      layout_loops_ring, tso_metal_star, uniq_crazy_yiuf_cottage,
          uniq_blork_the_orc
D:6:      layout_rooms, gammafunk_temple_overflow_claw, dk_noncrumbling_2,
          uniq_pikel
D:7:      layout_basic, serial_shops, nicolae_shop_behind_doors
D:8:      layout_rooms, enter_bailey_2
D:9:      layout_basic, kennysheep_mini, david_orc_1_choice, basic_altar,
          uniq_prince_ribbit1, uniq_harold
D:10:     layout_basic, serial_shops, shop_fountains
D:11:     layout_rooms, minmay_lair_entry_grove
Temple:   lightli_temple_of_artemis
Orc:1:    layout_diamond_mine, basic_altar, uniq_josephine
Bailey:   bailey_polearm_5, bailey

Skill      XL: |  1  2  3  4  5  6  7  8  9 10 11 |
---------------+----------------------------------+-----
Maces & Flails | 2 3 4 5 6 7 |  7.2
Armour         | 3 4 5 6 7 8 |  8.1
Shields        | 3 4 5 6 8 9 |  9.5
Fighting       | 4 5 6 7 8 |  8.8
Invocations    | 2 4 6 7 |  7.5
Axes           | 4 5 |  5.2
Evocations     | 2 5 |  5.0

Action                   |  1- 3 |  4- 6 |  7- 9 | 10-12 || total
-------------------------+-------+-------+-------+-------++-------
Melee: Flail             |   131 |   188 |       |       ||   319
       Kick              |    13 |       |    47 |   111 ||   171
       Hand axe          |       |    27 |   242 |   364 ||   633
Throw: Tomahawk          |       |       |     9 |    14 ||    23
Invok: Lesser Servant of |       |       |       |     2 ||     2
       Minor Destruction |       |       |       |     1 ||     1
       Major Destruction |       |       |       |     1 ||     1
Evoke: Wand              |       |       |    11 |    29 ||    40
  Use: Potion            |     1 |     2 |       |       ||     3
       Scroll            |       |       |     7 |     1 ||     8
 Stab: Distracted        |       |       |     1 |     4 ||     5
  Eat: Chunk             |     1 |     8 |     8 |    13 ||    30
Armor: Scale mail        |    72 |    11 |    39 |   136 ||   258
       Skin              |     8 |     7 |       |       ||    15
       Chain mail        |       |    97 |    60 |       ||   157
Dodge: Dodged            |    41 |    68 |    83 |   185 ||   377
Block: Shield            |    75 |   119 |   123 |   199 ||   516

Table legend:
 A = Non-vault XP
 B = Vault XP
 C = Vault XP percentage of total XP
 D = Non-vault monster count
 E = Vault monster count
 F = Vault count percentage of total count
                 A         B        C        D         E       F
            +---------+---------+-------+---------+---------+-------
      Total |   13487 |    8097 |  37.5 |     268 |      86 |  24.3
            +---------+---------+-------+---------+---------+-------
        D:1 |      39 |       2 |   4.9 |      20 |       2 |   9.1
        D:2 |      74 |       0 |   0.0 |      20 |       0 |   0.0
        D:3 |      76 |     209 |  73.3 |      16 |      17 |  51.5
        D:4 |     329 |       0 |   0.0 |      26 |       0 |   0.0
        D:5 |     327 |     110 |  25.2 |      16 |       2 |  11.1
        D:6 |    1037 |     588 |  36.2 |      20 |       1 |   4.8
        D:7 |    1135 |       0 |   0.0 |      41 |       0 |   0.0
        D:8 |    1441 |       0 |   0.0 |      24 |       0 |   0.0
        D:9 |    1945 |    1465 |  43.0 |      31 |      11 |  26.2
       D:10 |    3399 |       0 |   0.0 |      23 |       0 |   0.0
       D:11 |    3652 |    1967 |  35.0 |      30 |      13 |  30.2
     Temple |      33 |       0 |   0.0 |       1 |       0 |   0.0
     Bailey |       0 |    3756 | 100.0 |       0 |      40 | 100.0
            +---------+---------+-------+---------+---------+-------
